AoeStats
← remicore2023

Coastal Forest

503462212Analyzed
4v4 RM · 1mo ago on Aug 31, 2026· 45m 10s· 8 players
Game mode
Random Map
Map size
Large (8 player)
Population
200
Speed
Normal
Resources
Standard
Victory
Conquest
Starting age
Dark Age
Ending age
Imperial Age
RankedLock teamsTeams togetherTeam positionsShared explorationLock speedFull tech treeHidden civsTurbo modeCheats
Victory
Defeat
🇰🇼 Saracens · Kuwait
853
+12
🇩🇪 Teutons · Germany
776
+16
🇮🇳 Magyars · India
759
+17
🇹🇷 Turks · Türkiye
732
+18
🇰🇿 Portuguese · Kazakhstan
830
-18
🇰🇿 Vietnamese · Kazakhstan
830
-18
🇹🇷 Burgundians · Türkiye
724
-13
🇹🇷 Bohemians · Türkiye
719
-13
remicore2023
15:54 Feudal Age
16:13 Man-at-Arms
17:06 Arson
18:18 Wheelbarrow
18:29 Scale Mail Armor
18:19 Fletching
18:54 Stone Mining
21:15 Padded Archer Armor
21:24 Scale Barding Armor
22:00 Double-Bit Axe
22:02 Horse Collar
30:57 Castle Age
29:12 Bloodlines
31:06 Gold Mining
32:12 Light Cavalry
39:30 Heavy Plow
40:02 Chain Barding Armor
42:06 Husbandry
42:38 Fishing Lines
44:16 Gillnets
44:47 Corvinian Army
Slayer953662
11:03 Feudal Age
11:29 Double-Bit Axe
12:22 Wheelbarrow
14:31 Gold Mining
16:48 Castle Age
15:19 Horse Collar
17:58 Heavy Plow
18:06 Stone Mining
19:24 Bow Saw
22:40 Forging
22:54 Scale Barding Armor
24:17 Iron Casting
25:08 Chain Barding Armor
25:21 Bloodlines
25:36 Husbandry
34:36 Imperial Age
36:43 Plate Barding Armor
37:18 Blast Furnace
37:38 Elite Mameluke
serkanserpinli
9:16 Loom
13:27 Feudal Age
14:16 Horse Collar
14:26 Double-Bit Axe
14:32 Fishing Lines
16:21 Wheelbarrow
22:24 Castle Age
25:20 Clinker Construction
26:21 Bloodlines
26:27 Husbandry
26:46 Treadmill Crane
27:27 Ballistics
32:38 Imperial Age
30:18 Gold Mining
32:26 Gillnets
32:57 Stone Mining
33:20 Bow Saw
33:48 Gold Shaft Mining
33:19 Heavy Plow
34:42 Conscription
34:56 Padded Archer Armor
37:04 Hand Cart
38:02 Elite Janissary
MKO82
0:29 Loom
13:28 Feudal Age
14:45 Wheelbarrow
13:52 Horse Collar
14:38 Double-Bit Axe
22:15 Castle Age
20:48 Scale Mail Armor
20:58 Forging
20:39 Fletching
21:26 Padded Archer Armor
21:16 Fletching
21:32 Stone Mining
21:35 Gold Mining
23:06 Heavy Plow
23:17 Bow Saw
26:19 Stone Shaft Mining
28:21 Hand Cart
27:52 Town Watch
30:55 Pikeman
30:56 Man-at-Arms
32:29 Long Swordsman
32:55 Gambesons
32:57 Arson
33:12 Squires
33:51 Iron Casting
34:31 Bodkin Arrow
34:51 Leather Archer Armor
34:52 Chain Mail Armor
35:38 Ironclad
37:52 Imperial Age
35:29 Caravan
35:58 Ballistics
36:40 Fortified Wall
36:21 Heated Shot
36:42 Masonry
37:14 Scale Barding Armor
38:19 Coinage
38:25 Town Patrol
39:06 Crop Rotation
39:38 Two-Man Saw
39:52 Chemistry
39:49 Conscription
38:59 Sappers
39:51 Arrowslits
40:45 Banking
41:43 Plate Mail Armor
42:15 Blast Furnace
41:46 Ring Archer Armor
40:53 Elite Skirmisher
42:23 Crenellations
42:48 Guard Tower
43:04 Siphons
43:10 Clinker Construction
43:10 Careening
43:21 Guilds
MentalHP
Sascha
0:53 Loom
12:07 Feudal Age
13:27 Wheelbarrow
13:10 Double-Bit Axe
13:32 Man-at-Arms
19:11 Gold Mining
21:20 Stone Mining
22:16 Scale Mail Armor
22:31 Forging
26:13 Castle Age
27:48 Hand Cart
27:43 Pikeman
Tony
10:19 Feudal Age
16:18 Fletching
23:07 Castle Age
22:27 Padded Archer Armor
23:34 Crossbowman
28:28 Loom
bilenoffice
Connection lost

Rejoining the realm…

Still unreachable

The connection could not be restored.

Session expired

The server has moved on; the page needs a fresh start.